 Dungeon Crawl Stone Soup version 0.20.1-1-g8b1a95d (webtiles) character file.

108 KrisztiCat the Cudgeler (level 4, -12/41 HPs)
             Began as a Minotaur Berserker on Nov 13, 2017.
             Was a Believer of Trog.
             Killed by divine providence
             ... invoked by an orc priest
              (13 damage)
             ... on level 3 of the Dungeon.
             The game lasted 00:07:19 (1969 turns).

KrisztiCat the Cudgeler (Minotaur Berserker)        Turns: 1969, Time: 00:07:19

Health: -12/41     AC:  6    Str: 22    XL:     4   Next: 58%
Magic:  3/3        EV: 11    Int:  5    God:    Trog [**....]
Gold:   129        SH:  0    Dex:  9    Spells: 3/3 levels left

rFire    . . .     SeeInvis .   a - +0 mace
rCold    . . .     Gourm    .   (no shield)
rNeg     . . .     Faith    .   d - +0 scale mail
rPois    .         Spirit   .   (helmet restricted)
rElec    .         Reflect  .   (no cloak)
rCorr    .         Harm     .   (no gloves)
MR       .....                  (no boots)
Stlth    ..........             (no amulet)
Regen    0.2/turn               (no ring)
MPRegen  0.1/turn               (no ring)

@: berserk cooldown, slowed, very slow
A: retaliatory headbutt, horns 2
a: Berserk, Trog's Hand, Burn Spellbooks, Renounce Religion


You were on level 3 of the Dungeon.
You worshipped Trog.
Trog was pleased with you.
You were hungry.

You visited 1 branch of the dungeon, and saw 5 of its levels.

You collected 129 gold pieces.

Inventory:

Hand Weapons
 a - a +0 mace (weapon)
Armour
 b - a +0 animal skin
 d - a +0 scale mail (worn)
Jewellery
 j - a +3 ring of evasion {unknown}
 s - an uncursed ring of protection from fire {unknown}
Wands
 w - a wand of disintegration (10/24)
 y - a wand of iceblast (7/15)
Scrolls
 e - 3 scrolls of identify {unknown}
 f - 3 scrolls of amnesia {unknown}
 k - 4 scrolls of remove curse {unknown}
 m - a scroll of enchant armour {unknown}
 p - a scroll of teleportation {unknown}
 v - a scroll of enchant weapon {unknown}
 x - a scroll of blinking {unknown}
 z - a scroll of recharging {unknown}
Potions
 g - a potion of agility {unknown}
 h - a potion of brilliance {unknown}
 i - a potion of berserk rage {unknown}
 l - 2 potions of heal wounds {unknown}
 n - 2 potions of curing {unknown}
 o - a potion of ambrosia {unknown}
 t - a potion of flight {unknown}
 u - a potion of degeneration {unknown}
Comestibles
 c - a bread ration
 q - a royal jelly
 r - 2 fruits
 A - 6 chunks of flesh


   Skills:
 + Level 4.7 Fighting
 + Level 4.8 Maces & Flails
 + Level 3.3 Armour
 + Level 2.6 Dodging
 + Level 0.3 Stealth


You had 3 spell levels left.
You didn't know any spells.

Dungeon Overview and Level Annotations

Branches:
Dungeon (5/15)
 Temple: D:4-7

Altars:
Ashenzari
Xom
Zin
The Shining One


Innate Abilities, Weirdness & Mutations

You reflexively headbutt those who attack you in melee.
You have a pair of horns on your head.


Message History

The orc priest barely misses you.
You hit the orc priest.
You headbutt the orc priest, but do no damage.
The orc priest is moderately wounded.
The orc hits you from afar with a trident.
* * * LOW HITPOINT WARNING * * *
The orc priest looks braver for a moment.
The orc hits you from afar with a trident.
* * * LOW HITPOINT WARNING * * *
The orc priest barely misses you. You furiously retaliate!
You headbutt the orc priest, but do no damage.
You closely miss the orc priest.
The orc priest is moderately wounded.
Your skin stops crawling.
You feel less resistant to hostile enchantments.
The orc hits you from afar with a trident.
* * * LOW HITPOINT WARNING * * *
The orc priest calls down the wrath of Beogh upon you.
Beogh smites you!
You die...

#...........#
#...........#
#...........######
#................
#...........#######
#+#.....[..........
#.##.......#######
#†##..............
#@######..........
#o# #..........


.oo ##......... ..... #......... ....... #......... ...#+#### #......... ....
#......... ####. #..)...... ####>..... You could see an orc priest and 2 orcs.

Vanquished Creatures
  An orc wizard (D:3)
  A worker ant (D:4)
  3 adders
  A dart slug (D:1)
  4 leopard geckos
  6 orcs (D:3)
  5 bats
  4 giant cockroaches
  2 goblins
  3 hobgoblins
  5 kobolds
  2 frilled lizards
  4 rats
41 creatures vanquished.

Notes
Turn   | Place    | Note
-------+----------+-------------------------------------------
     0 | D:1      | KrisztiCat the Minotaur Berserker began the quest for the Orb.
     0 | D:1      | Reached XP level 1. HP: 19/19 MP: 0/0
   522 | D:1      | Reached XP level 2. HP: 27/27 MP: 1/1
   741 | D:1      | Found a shattered altar of Ashenzari.
   956 | D:2      | Found a glowing golden altar of the Shining One.
  1030 | D:2      | Reached XP level 3. HP: 25/33 MP: 2/2
  1375 | D:2      | Reached ** piety under Trog
  1603 | D:4      | Reached XP level 4. HP: 35/41 MP: 3/3
  1612 | D:4      | Found a glowing silver altar of Zin.
  1617 | D:4      | Found a shimmering altar of Xom.
  1617 | D:4      | Noticed an angel
  1655 | D:5      | Entered Level 5 of the Dungeon
  1969 | D:3      | HP: 1/41 [orc/trident (2)]
  1969 | D:3      | Killed from afar by an orc priest

Skill      XL: |  1  2  3 |
---------------+----------+-----
Fighting       | 4 |  4.7
Maces & Flails | 4 |  4.8
Armour         | 3 |  3.3
Dodging        | |  2.6
Stealth        | |  0.3

Action                   |  1- 3 |  4- 6 || total
-------------------------+-------+-------++-------
Melee: Mace              |    62 |    32 ||    94
       Headbutt          |    14 |     8 ||    22
Invok: Berserk           |       |     1 ||     1
       Trog's Hand       |       |     1 ||     1
  Eat: Chunk             |     2 |     2 ||     4
Armor: Animal skin       |     5 |       ||     5
       Scale mail        |    29 |    12 ||    41
Dodge: Dodged            |    39 |    22 ||    61
